 Dungeon Crawl Stone Soup version 0.30.1-3-gfc49f6343a (webtiles) character file.

Game seed: 263252412026029872

2495 monsoonserge the Grappler (level 9, -5/89 HPs)
             Began as a Troll Fighter on Aug 10, 2023.
             Was a Believer of Wu Jian.
             Slain by an unseen horror (8 damage)
             ... on level 6 of the Dungeon.
             The game lasted 00:14:08 (4497 turns).

monsoonserge the Grappler (Troll Fighter)           Turns: 4497, Time: 00:14:08

Health: -5/89      AC:  5    Str: 26    XL:     9   Next: 28%
Magic:  8/8        EV:  9    Int:  8    God:    Wu Jian [**....]
Gold:   283        SH: 14    Dex:  9    Spells: 8/8 levels left

rFire   + .          .
                       - Unarmed
rCold   . . .        b - +0 kite shield
rNeg    . . .        c - +0 robe of the Locust {rF+}
rPois   +            (helmet restricted)
rElec   .            o - +0 cloak
rCorr   .            (gloves unavailable)
SInv    .            (boots unavailable)
Will    .....        C - amulet of reflection
Stlth   +            x - ring of poison resistance
HPRegen 1.14/turn    (no ring)
MPRegen 0.11/turn

%: reflection
@: studying Throwing
A: large, unfitting armour, claws 3, regeneration 1, shaggy fur 1, tough skin 1
a: Renounce Religion, Wall Jump


You were on level 6 of the Dungeon.
You worshipped Wu Jian.
Wu Jian was pleased with you.
You visited 2 branches of the dungeon, and saw 7 of its levels.
You also visited: Sewer.

You collected 283 gold pieces.

Inventory:

Missiles
 e - 6 boomerangs of dispersal
 j - 6 large rocks
 r - 2 poisoned darts (quivered)
Armour
 b - a +0 kite shield (worn)
 c - the +0 robe of the Locust (worn) {rF+}
   (You found it on level 5 of the Dungeon)

   rF:        It protects you from fire.
 o - a +0 cloak (worn)
Magical Staves
 q - a staff of earth
Jewellery
 i - an amulet of guardian spirit
 x - a ring of poison resistance (left claw)
 C - an amulet of reflection (around neck)
Wands
 s - a wand of polymorph (7)
 A - a wand of charming (7)
Scrolls
 a - 2 scrolls of blinking
 d - a scroll of magic mapping {unknown}
 h - 2 scrolls of fear {unknown}
 k - 3 scrolls of enchant weapon {unknown}
 l - 5 scrolls of identify {unknown}
 m - 7 scrolls of teleportation {unknown}
 u - a scroll of silence {unknown}
 v - a scroll of immolation {unknown}
 y - a scroll of poison {unknown}
 z - 2 scrolls of noise {unknown}
 D - a scroll of fog {unknown}
 F - a scroll of enchant armour {unknown}
Potions
 f - a potion of cancellation
 g - a potion of curing {unknown}
 n - a potion of attraction {unknown}
 p - a potion of lignification {unknown}
 t - a potion of degeneration {unknown}
 w - a potion of flight {unknown}
 B - 2 potions of heal wounds {unknown}
 E - a potion of berserk rage {unknown}


   Skills:
 + Level 5.7 Fighting
 + Level 3.0 Dodging
 + Level 6.3 Shields
 * Level 9.0 Unarmed Combat


You had 8 spell levels left.
You didn't know any spells.
Your spell library contained the following spells:

 Spells                   Type           Power      Damage    Failure   Level
 Apportation              Tloc           0%         N/A       63%         1
 Necrotise                Necr           0%         1d4       63%         1
 Summon Small Mammal      Summ           0%         N/A       63%         1
 Ensorcelled Hibernation  Hex/Ice        0%         N/A       77%         2
 Ozocubu's Armour         Ice            0%         N/A       94%         3
 Portal Projectile        Hex/Tloc       0%         N/A       94%         3
 Spider Form              Tmut/Pois      0%         N/A       94%         3
 Tukima's Dance           Hex            0%         N/A       94%         3
 Anguish                  Hex/Necr       0%         N/A       100%        4
 Blade Hands              Tmut           0%         N/A       100%        5
 Metabolic Englaciation   Hex/Ice        0%         N/A       100%        5
 Simulacrum               Ice/Necr       0%         N/A       100%        6


Dungeon Overview and Level Annotations

Branches:
Dungeon (6/15)             Temple (1/1) D:4           Sewer (visited)

Altars:
Dithmenos
Elyvilon
Fedhas
Gozag
Hepliaklqana
Kikubaaqudgha
Makhleb
Nemelex Xobeh
Okawaru
Qazlal
Ru
Sif Muna
Vehumet
Wu Jian
Xom
Yredelemnul
The Shining One

Shops:
D:4 :


Innate Abilities, Weirdness & Mutations

You are too large for most types of armour.
You have claws for hands.
Your natural rate of healing is unusually fast.
You are covered in fur. (AC +1)
You have tough skin. (AC +1)


Message History

You block something's attack. Something hits you but does no damage.
Something hits you! Something hits you. Something hits you. Something hits you!
Something hits you but does no damage. x2
Something hits you but does no damage. Something hits you.
You scratch something. Something hits you. Something hits you.
Something hits you but does no damage. Something hits you!
You block something's attack.
You barely miss something. Something hits you! Something hits you.
Something hits you but does no damage. Something hits you!
You closely miss something. Something hits you! You block something's attack.
Something completely misses you.
You closely miss something. You block something's attack. Something hits you!
You closely miss something.
The orc wizard shouts! x2
Something hits you.
* * * LOW HITPOINT WARNING * * *
Okay, then.
Something hits you but does no damage. Something hits you.
* * * LOW HITPOINT WARNING * * *
Something hits you.
* * * LOW HITPOINT WARNING * * *
Found a stone staircase leading down.
You block something's attack. Something hits you.
* * * LOW HITPOINT WARNING * * *
You scratch something but do no damage. Something hits you.
* * * LOW HITPOINT WARNING * * *
Something hits you.
* * * LOW HITPOINT WARNING * * *
Something hits you!
* * * LOW HITPOINT WARNING * * *
Something hits you.
* * * LOW HITPOINT WARNING * * *
It was a potion of cancellation.
You feel magically purged. Something hits you!
You die...

.^. #.#..# . ....###
###..##+##.. #
.......####..........
#. #..####......### ..
##.............. ..
##)........#### #.
#..###.###...#
#..####.#†{.#...#..##
#...@...#..###.###..#
#.>.####.#.#.#.#.#.#..
#...# #..###[###.###.
..# ##..#.#.#.#.#.# .
##..###.###..#
##..#...#...#
##..###[###.
#...(......
#..)<#.###.


There were no monsters in sight!

Vanquished Creatures
  Grinder (D:3)
  Duvessa (D:4)
  2 water moccasins (D:5)
  2 ice beasts
  4 ogres
  3 phantoms
  4 bullfrogs
  A scorpion (D:5)
  A gnoll sergeant (D:6)
  Dowan (D:4)
  3 jellies
  4 hounds
  An orc priest (D:3)
  A sleepcap (D:4)
  Crazy Yiuf (D:2)
  Jessica (D:3)
  3 iguanas (D:4)
  Terence (D:3)
  An orc wizard (D:5)
  Robin (D:2)
  7 gnolls
  A river rat (D:5)
  14 adders
  A shadow imp (D:5)
  3 dart slugs
  11 orcs
  4 bats
  14 endoplasms
  14 giant cockroaches
  16 goblins
  15 hobgoblins
  11 quokkas
  14 ball pythons
  11 frilled lizards
  5 kobolds
  8 rats
186 creatures vanquished.

Notes
Turn   | Place    | Note
-------+----------+-------------------------------------------
     0 | D:1      | monsoonserge the Troll Fighter began the quest for the Orb.
     0 | D:1      | Reached XP level 1. HP: 22/22 MP: 0/0
   146 | D:1      | Reached XP level 2. HP: 29/29 MP: 1/1
   795 | D:2      | Reached XP level 3. HP: 36/36 MP: 2/2
   883 | D:2      | Reached skill level 3 in Unarmed Combat
   955 | D:2      | Noticed Robin
   970 | D:2      | Killed Robin
   986 | D:2      | Reached XP level 4. HP: 44/44 MP: 3/3
  1108 | D:2      | Found a runed translucent door.
  1109 | D:2      | Noticed Crazy Yiuf
  1510 | D:2      | Killed Crazy Yiuf
  1684 | D:3      | Reached skill level 4 in Unarmed Combat
  1684 | D:3      | Reached XP level 5. HP: 53/53 MP: 4/4
  1767 | D:3      | Noticed Grinder
  1789 | D:3      | Killed Grinder
  1790 | D:3      | Reached XP level 6. HP: 31/61 MP: 3/5
  1872 | D:3      | Reached skill level 5 in Unarmed Combat
  1915 | D:3      | Found a shimmering blue altar of Sif Muna.
  1915 | D:3      | Found a burning altar of Makhleb.
  1935 | D:3      | Noticed Terence
  1944 | D:3      | Killed Terence
  2304 | D:3      | Noticed Jessica
  2314 | D:3      | Killed Jessica
  2373 | D:4      | Found a basalt altar of Yredelemnul.
  2390 | D:4      | Found a staircase to the Ecumenical Temple.
  2415 | Temple   | Entered the Ecumenical Temple
  2488 | D:4      | Reached XP level 7. HP: 52/68 MP: 3/6
  2525 | D:4      | Found Pestelif's Tiny Tomes.
  2705 | D:4      | Found an ancient bone altar of Kikubaaqudgha.
  2886 | D:4      | Found a stormy altar of Qazlal.
  2999 | D:4      | Noticed Duvessa
  3000 | D:4      | Noticed Dowan
  3020 | D:4      | Killed Duvessa
  3021 | D:4      | Reached skill level 6 in Unarmed Combat
  3030 | D:4      | Killed Dowan
  3099 | D:4      | Found a shadowy altar of Dithmenos.
  3145 | D:5      | Entered Level 5 of the Dungeon
  3166 | D:5      | Identified the +0 robe of the Locust {rF+}
  3247 | D:4      | Reached skill level 5 in Shields
  3247 | D:4      | Reached XP level 8. HP: 79/79 MP: 7/7
  3260 | D:5      | Found an ornate altar of the Wu Jian Council.
  3267 | D:5      | Became a worshipper of the Wu Jian Council
  3308 | D:5      | Reached skill level 7 in Unarmed Combat
  3312 | D:5      | Found a sparkling altar of Nemelex Xobeh.
  3564 | D:5      | Found a glowing drain.
  3572 | Sewer    | Entered a sewer
  3699 | Sewer    | Reached * piety under Wu Jian
  3749 | Sewer    | Reached skill level 5 in Fighting
  3911 | D:5      | Reached skill level 8 in Unarmed Combat
  4014 | D:5      | Found a white marble altar of Elyvilon.
  4034 | D:5      | Reached ** piety under Wu Jian
  4152 | D:6      | Found a blossoming altar of Fedhas.
  4284 | D:5      | Reached XP level 9. HP: 72/88 MP: 8/8
  4460 | D:6      | Reached skill level 9 in Unarmed Combat
  4496 | D:6      | HP: 4/89 [something (9)]
  4497 | D:6      | Slain by an unseen horror

Illustrated notes

Levels and vault maps discovered:
D:1:      giann_forest_graveyard, layout_basic, reono_crystal_passage
D:2:      layout_loops_ring, uniq_crazy_yiuf_cottage, uniq_robin
D:3:      layout_basic, mainiacjoe_overflow_large_starburst, uniq_jessica,
          uniq_grinder, uniq_terence
D:4:      layout_basic, kennysheep_mini_moat, nicolae_qazlal_eye_of_the_storm,
          lemuel_doored_altar, yredelemnul_altar_generic,
          minmay_temple_entry_gardened_gates,
          nicolae_shop_i_like_small_books_too, uniq_duvessa
D:5:      layout_basic, mainiacjoe_overflow_cross_hatched,
          mainiacjoe_overflow_alcove_1, nemelex_dance_club_becter,
          lightli_sewer_entry_pipes
D:6:      layout_rooms, fedhas_bush_and_centaur_altar,
          nicolae_ashenzari_skybound, minmay_manual_mail
Temple:   hellmonk_temple_of_storms

Skill      XL: |  1  2  3  4  5  6  7  8  9 |
---------------+----------------------------+-----
Shields        | 3 4 5 6 |  6.3
Unarmed Combat | 3 4 5 6 8 9 |  9.0
Fighting       | 3 4 5 |  5.7
Dodging        | 3 |  3.0

Action                     |  1- 3 |  4- 6 |  7- 9 || total
---------------------------+-------+-------+-------++-------
  Melee: Unarmed           |    99 |   152 |   303 ||   554
  Throw: Dart              |       |     2 |     1 ||     3
Ability: Whirlwind         |       |       |    27 ||    27
         Lunge             |       |       |    11 ||    11
    Use: Potion            |       |       |     2 ||     2
   Stab: Sleeping          |       |       |     2 ||     2
 Armour: Robe              |    33 |    40 |    64 ||   137
  Dodge: Dodged            |    23 |    46 |    72 ||   141
  Block: Kite shield       |    24 |    59 |   122 ||   205
         Reflection        |       |       |     3 ||     3
